 Dungeon Crawl Stone Soup version 0.30-a0-457-g4b7bca3bfa (webtiles) character file.

Game seed: 5885147449818565653

221 holysushi the Covert (level 5, -15/41 HPs)
             Began as a Gnoll Wanderer on Dec 13, 2022.
             Demolished by Crazy Yiuf
             ... wielding a +2 quarterstaff of chaos
              (28 damage)
             ... on level 3 of the Dungeon.
             The game lasted 00:03:03 (2728 turns).

holysushi the Covert (Gnoll Wanderer)               Turns: 2728, Time: 00:03:03

Health: -15/41     AC:  3    Str: 11    XL:     5   Next: 98%
Magic:  14/14      EV:  9    Int: 11    God:
Gold:   216        SH:  0    Dex: 14    Spells: 17/18 levels left

rFire   . . .      SeeInvis .    a - +3 dagger
rCold   . . .      Faith    .    (no shield)
rNeg    . . .      Spirit   .    n - +1 robe of Action {Fly Slay+3 Stlth+ Archmagi}
rPois   .          Reflect  .    (no helmet)
rElec   .          Harm     .    (no cloak)
rCorr   .          Rampage  .    (no gloves)
Will    .....      Archmagi +    (no boots)
Stlth   +++++.....               (no amulet)
HPRegen 0.26/turn                (no ring)
MPRegen 0.14/turn                (no ring)

@: lethally poisoned (-15 -> -22), grasped by roots, flying, constricted
A: fangs 1, strong nose, distributed training
a: no special abilities


You were on level 3 of the Dungeon.
You visited 1 branch of the dungeon, and saw 4 of its levels.

You collected 216 gold pieces.

Inventory:

Hand Weapons
 a - a +3 dagger (weapon)
 b - a +0 sling
Armour
 d - a +0 robe
 n - the +1 robe of Action (worn) {Fly Slay+3 Stlth+ Archmagi}
   (You found it on level 4 of the Dungeon)

   Slay:      It affects your accuracy & damage with ranged weapons and melee
   (+3).
   Fly:       It grants you flight.
   Archmagi:  It increases the power of your magical spells.
   Stlth:     It makes you more stealthy.
Jewellery
 l - a ring of ice
Wands
 q - a wand of quicksilver (9)
Scrolls
 c - a scroll of butterflies
 i - 2 scrolls of enchant weapon {unknown}
 k - 2 scrolls of identify {unknown}
 p - 2 scrolls of magic mapping {unknown}
 s - a scroll of fear {unknown}
Potions
 e - 2 potions of degeneration {unknown}
 f - 3 potions of curing {unknown}
 g - a potion of heal wounds {unknown}
 h - a potion of berserk rage
 j - 3 potions of haste {unknown}
 m - 2 potions of attraction {unknown}
 o - a potion of mutation {unknown}
 r - a potion of cancellation {unknown}


   Skills:
 + Level 3.1 Fighting
 + Level 1.8 Short Blades
 + Level 1.8 Long Blades
 + Level 1.8 Axes
 + Level 1.8 Maces & Flails
 + Level 1.8 Polearms
 + Level 1.8 Staves
 + Level 1.8 Ranged Weapons
 + Level 3.1 Throwing
 + Level 1.8 Armour
 + Level 1.8 Dodging
 + Level 8.0 Stealth
 + Level 1.8 Shields
 + Level 1.8 Unarmed Combat
 + Level 7.3 Spellcasting
 + Level 1.4 Conjurations
 + Level 2.5 Hexes
 + Level 1.4 Summonings
 + Level 1.4 Necromancy
 + Level 1.4 Translocations
 + Level 1.4 Transmutations
 + Level 1.4 Fire Magic
 + Level 1.4 Ice Magic
 + Level 1.4 Air Magic
 + Level 1.4 Earth Magic
 + Level 1.4 Poison Magic
 + Level 2.0 Invocations
 + Level 1.8 Evocations


You had 17 spell levels left.
You knew the following spells:

 Your Spells              Type           Power      Damage    Failure   Level
a - Slow                  Hex            56%        N/A       6%          1

Your spell library contained the following spells:

 Spells                   Type           Power      Damage    Failure   Level
 Sublimation of Blood     Necr           10%        N/A       14%         2
 Confusing Touch          Hex            14%        N/A       19%         3
 Dazzling Flash           Conj/Hex       24%        N/A       22%         3
 Vampiric Draining        Necr           10%        2d6       28%         3
 Petrify                  Tmut/Erth      10%        N/A       67%         4
 Irradiate                Conj/Tmut      5%         3d13      95%         5


Dungeon Overview and Level Annotations

Branches:
Dungeon (4/15) Zot: 21251
 Temple: D:4-7

Altars:

Annotations:
D:3 Crazy Yiuf


Innate Abilities, Weirdness & Mutations

You have very sharp teeth.
Your uncanny sense of smell can sniff out nearby items.
Your experience applies equally to all skills.


Message History

You reach down and open the door.
There is an open door here.
Key pressed, stopping explore.
Could not explore, unopened runed door.
Could not explore, unopened runed door.
Could not explore, unopened runed door.
No reachable target in view!
Press: ? - help, . - travel You can't see that place. [a rock wall.]
You reach down and open the door.
There is an open translucent door here.
Crazy Yiuf shouts!
You barely miss Crazy Yiuf. Crazy Yiuf completely misses you.
You hit Crazy Yiuf.
Crazy Yiuf is lightly wounded.
Crazy Yiuf barely misses you.
You barely miss Crazy Yiuf.
Crazy Yiuf is lightly wounded.
Crazy Yiuf whimpers, "Hah snail shrimp!"
Crazy Yiuf drinks a potion.
Crazy Yiuf seems to grow stronger.
You closely miss Crazy Yiuf.
Crazy Yiuf is lightly wounded.
Crazy Yiuf hits you with a +2 quarterstaff of chaos!!
You are poisoned.
You hit Crazy Yiuf. You bite Crazy Yiuf.
Crazy Yiuf is heavily wounded.
You feel very sick.
You closely miss Crazy Yiuf.
Crazy Yiuf is heavily wounded.
You feel sick.
Crazy Yiuf zaps a wand.
The roots erupt in riotous growth!
The grasping roots grab you!
Crazy Yiuf is unaffected.
The grasping roots constrict you.
You hit Crazy Yiuf. You bite Crazy Yiuf.
Crazy Yiuf is almost dead.
You feel very sick.
Crazy Yiuf says, "Ice testudinal agre!"
Crazy Yiuf hits you with a +2 quarterstaff of chaos!!
Ouch! That really hurt!
You die...

#.......[.#
#.........#
#.........#
#.......###
#.......#
######.##
##### #.#
#)..# #.#
#.g.# #.#
#.@.# #.#
##'## #.#
#.## #.#
##.# #.#
#.## #.#
##.# #.#
##.## #.#
##...# #.##
#....#


You could see Crazy Yiuf (strong).

Vanquished Creatures
  A hound (D:2)
  An iguana (D:3)
  Jessica (D:3)
  Natasha (thrice) (D:3)
  An adder (D:3)
  A dart slug (D:2)
  3 endoplasms
  A giant cockroach (D:3)
  4 goblins
  10 hobgoblins
  4 quokkas
  4 ball pythons
  7 bats
  5 frilled lizards
  A kobold (D:1)
  6 rats
53 creatures vanquished.

Vanquished Creatures (others)
  A fungus (D:1)
  5 plants (D:2)
6 creatures vanquished.

Grand Total: 59 creatures vanquished

Notes
Turn   | Place    | Note
-------+----------+-------------------------------------------
     0 | D:1      | holysushi the Gnoll Wanderer began the quest for the Orb.
     0 | D:1      | holysushi set off with the following items: a +3 dagger, a
                  | potion of berserk rage, a scroll of butterflies, a +0 robe;
                  | and the following spell memorised: Slow; and the following
                  | spells available to memorise: Dazzling Flash.
     0 | D:1      | Reached XP level 1. HP: 17/17 MP: 8/8
   200 | D:1      | Reached XP level 2. HP: 23/23 MP: 10/10
   497 | D:1      | Found a faded altar of an unknown god.
   983 | D:2      | Reached XP level 3. HP: 18/28 MP: 11/11
  1230 | D:2      | Reached skill level 1 in Short Blades
  1230 | D:2      | Reached skill level 1 in Long Blades
  1230 | D:2      | Reached skill level 1 in Axes
  1230 | D:2      | Reached skill level 1 in Maces & Flails
  1230 | D:2      | Reached skill level 1 in Polearms
  1230 | D:2      | Reached skill level 1 in Staves
  1230 | D:2      | Reached skill level 1 in Ranged Weapons
  1230 | D:2      | Reached skill level 1 in Armour
  1230 | D:2      | Reached skill level 1 in Dodging
  1230 | D:2      | Reached skill level 1 in Shields
  1230 | D:2      | Reached skill level 1 in Unarmed Combat
  1230 | D:2      | Reached skill level 1 in Invocations
  1230 | D:2      | Reached skill level 1 in Evocations
  1230 | D:2      | Reached XP level 4. HP: 9/34 MP: 13/13
  1387 | D:2      | You fall into a shaft and drop 2 floors!
  1480 | D:4      | Identified the +1 robe of Action {Fly Slay+3 Stlth+
                  | Archmagi}
  1526 | D:3      | Reached skill level 1 in Conjurations
  1526 | D:3      | Reached skill level 1 in Summonings
  1526 | D:3      | Reached skill level 1 in Necromancy
  1526 | D:3      | Reached skill level 1 in Translocations
  1526 | D:3      | Reached skill level 1 in Transmutations
  1526 | D:3      | Reached skill level 1 in Fire Magic
  1526 | D:3      | Reached skill level 1 in Ice Magic
  1526 | D:3      | Reached skill level 1 in Air Magic
  1526 | D:3      | Reached skill level 1 in Earth Magic
  1526 | D:3      | Reached skill level 1 in Poison Magic
  1644 | D:3      | Noticed Natasha
  1651 | D:3      | Killed Natasha
  1651 | D:3      | Noticed Natasha
  1652 | D:3      | Reached XP level 5. HP: 40/40 MP: 14/14
  1740 | D:3      | Killed Natasha
  1897 | D:3      | Noticed Natasha
  1901 | D:3      | Killed Natasha
  2255 | D:3      | Found a runed translucent door.
  2256 | D:3      | Noticed Crazy Yiuf
  2387 | D:3      | Reached skill level 8 in Stealth
  2514 | D:3      | Noticed Jessica
  2521 | D:3      | Killed Jessica
  2728 | D:3      | Demolished by Crazy Yiuf

Illustrated notes

Levels and vault maps discovered:
D:1:      erik_arrival_orb_chamber, layout_basic, shapermc_ecumenical_altar_gd,
          ebering_dispersal_statue_hall
D:2:      layout_loops_ring, serial_bayou, serial_bayou_shore_a,
          serial_bayou_pond_e, serial_bayou_pond_e, serial_bayou_pond_d,
          serial_bayou_lake_a, nrook_uturn
D:3:      layout_basic, uniq_natasha, uniq_crazy_yiuf_cottage, uniq_jessica
D:4:      layout_loops_cross, uniq_edmund

Skill      XL: |  1  2  3  4  5 |
---------------+----------------+-----
Hexes          | 2 |  2.5
Short Blades   | 1 |  1.8
Long Blades    | 1 |  1.8
Axes           | 1 |  1.8
Maces & Flails | 1 |  1.8
Polearms       | 1 |  1.8
Staves         | 1 |  1.8
Ranged Weapons | 1 |  1.8
Armour         | 1 |  1.8
Dodging        | 1 |  1.8
Shields        | 1 |  1.8
Unarmed Combat | 1 |  1.8
Invocations    | 1 2 |  2.0
Evocations     | 1 |  1.8
Conjurations   | 1 |  1.4
Summonings     | 1 |  1.4
Necromancy     | 1 |  1.4
Translocations | 1 |  1.4
Transmutations | 1 |  1.4
Fire Magic     | 1 |  1.4
Ice Magic      | 1 |  1.4
Air Magic      | 1 |  1.4
Earth Magic    | 1 |  1.4
Poison Magic   | 1 |  1.4
Fighting       | 3 |  3.1
Throwing       | 3 |  3.1
Stealth        | 8 |  8.0
Spellcasting   | |  7.3

Action                   |  1- 3 |  4- 6 || total
-------------------------+-------+-------++-------
Melee: Dagger            |    74 |    70 ||   144
       Bite              |     7 |     6 ||    13
       Punch             |     1 |     1 ||     2
 Cast: Slow              |       |     3 ||     3
  Use: Scroll            |       |     1 ||     1
 Stab: Sleeping          |     9 |     6 ||    15
Armor: Robe              |    13 |     7 ||    20
Dodge: Dodged            |    38 |    27 ||    65

Table legend: (Time is in decaauts)
 A = Elapsed time spent in this place.
 B = Non-inter-level travel time spent in this place.
 C = Inter-level travel time spent in this place.
 D = Time resting spent in this place.
 E = Time spent auto-exploring this place.
 F = Levels seen in this place.
 G = Mean time per level.
                   A        B        C        D        E       F      G
               +--------+--------+--------+--------+--------+-----+--------+
         Total |   2747 |   2724 |     23 |    532 |   1641 |   4 |  686.8 |
       Dungeon |   2747 |   2724 |     23 |    532 |   1641 |   4 |  686.8 |
               +--------+--------+--------+--------+--------+-----+--------+

Top non-repeatable levels by time:
     D:3: 1144 daAuts
     D:1: 790 daAuts
     D:2: 698 daAuts
     D:4: 113 daAuts
